 Dungeon Crawl Stone Soup version 0.31.0-9-g3a7656b989 (webtiles) character file.

Game seed: 13543017940560436070

56 qw the Shooter (level 3, -1/18 HPs)
             Began as a Spriggan Hunter on Feb 2, 2024.
             Slain by a hobgoblin
             ... wielding a +0 short sword
              (4 damage)
             ... on level 2 of the Dungeon.
             The game lasted 00:00:02 (785 turns).

qw the Shooter (Spriggan Hunter)                     Turns: 785, Time: 00:00:03

Health: -1/18      AC:  2    Str:  7    XL:     3   Next: 69%
Magic:  4/4        EV: 19    Int: 10    God:
Gold:   26         SH:  0    Dex: 20    Spells: 2/2 levels left

rFire   . . .        a - +0 shortbow
rCold   . . .        (shield currently unavailable)
rNeg    . . .        c - +0 robe
rPois   .            (helmet restricted)
rElec   .            (no cloak)
rCorr   .            (gloves unavailable)
SInv    +            (boots unavailable)
Will    .....        (no amulet)
Stlth   ++           (no ring)
HPRegen 0.23/turn    (no ring)
MPRegen 0.09/turn

%: no passive effects
@: very quick
A: very small, no large weapons, unfitting armour, see invisible, speed 3
a: no special abilities


You were on level 2 of the Dungeon.
You visited 1 branch of the dungeon, and saw 2 of its levels.

You collected 26 gold pieces.


Innate Abilities, Weirdness & Mutations

You are very small and have problems with some larger weapons.
You are too small for most types of armour.
You have supernaturally acute eyesight. (SInv)
You cover ground extremely quickly. (Speed+++)


   Skills:
 - Level 1.5 Fighting
 + Level 4.9 Ranged Weapons
 - Level 4.0 Dodging
 - Level 1.5 Stealth


You had 2 spell levels left.
You didn't know any spells.
Your spell library was empty.

Inventory:

Hand Weapons
 a - a +0 shortbow (weapon)
Armour
 c - a +0 robe (worn)
Scrolls
 b - a scroll of amnesia {unknown}
Potions
 d - a potion of curing
 f - a potion of enlightenment

Dungeon Overview and Level Annotations

Branches:
Dungeon (2/15)

Altars:


Message History

You shoot an arrow.
The arrow hits the hobgoblin but does no damage.
The hobgoblin closely misses you.
You shoot an arrow. The arrow hits the hobgoblin.
The hobgoblin is lightly wounded.
The hobgoblin closely misses you.
You shoot an arrow. The arrow barely misses the hobgoblin.
The arrow hits the rat.
You kill the rat!
The hobgoblin misses you.
You shoot an arrow. The arrow hits the hobgoblin.
The hobgoblin is severely wounded.
The hobgoblin hits you with a +0 short sword.
You shoot an arrow. The arrow barely misses the hobgoblin.
The hobgoblin barely misses you.
You shoot an arrow. The arrow closely misses the hobgoblin.
The arrow hits the ribbon worm but does no damage.
The hobgoblin misses you. The hobgoblin completely misses you.
You shoot an arrow. The arrow barely misses the hobgoblin.
The arrow hits the ribbon worm.
The ribbon worm is moderately wounded.
The hobgoblin hits you with a +0 short sword.
You shoot an arrow. The arrow closely misses the hobgoblin.
The ribbon worm misses you. The hobgoblin completely misses you.
You shoot an arrow.
The arrow hits the hobgoblin but does no damage.
The hobgoblin is severely wounded.
The ribbon worm barely misses you. The hobgoblin completely misses you.
You shoot an arrow. The arrow hits the hobgoblin.
The hobgoblin is almost dead.
The hobgoblin completely misses you. The ribbon worm closely misses you.
You shoot an arrow. The arrow closely misses the hobgoblin.
The hobgoblin hits you with a +0 short sword.
The ribbon worm bites you!
You shoot an arrow.
The arrow hits the hobgoblin but does no damage.
The hobgoblin is almost dead.
The hobgoblin completely misses you. The ribbon worm completely misses you.
The hobgoblin hits you with a +0 short sword.
You die...

### ..# .. #.######
... ....... #
...#####....##.. #
........#.....## .
........w...... .
#...@g%# #.# .
#....#.....## # .
.######.#####...#..#.#
.
......>...............
. .##..........##
.....###
........#.....##
.#......
...###.........#
........ ##
............# ......%
###.........####..#...


You could see a ribbon worm and a hobgoblin.

Vanquished Creatures
  2 adders (D:2)
  4 ball pythons (D:1)
  4 bats
  4 endoplasms (D:1)
  A giant cockroach (D:2)
  8 goblins
  2 hobgoblins (D:1)
  2 kobolds (D:1)
  A quokka (D:1)
  5 rats
33 creatures vanquished.

Notes
Turn   | Place    | Note
-------+----------+-------------------------------------------
     0 | D:1      | qw the Spriggan Hunter began the quest for the Orb.
     0 | D:1      | Reached XP level 1. HP: 10/10 MP: 2/2
     0 | D:1      | 0 ||| qw: Version: 0.3-a-155-g5e7d8dd
     0 | D:1      | 0 ||| qw: Game counter: 654
     0 | D:1      | 0 ||| qw: Melee chars always use a shield: true
     0 | D:1      | 0 ||| qw: God list: Okawaru
     0 | D:1      | 0 ||| qw: Allow faded altars: false
     0 | D:1      | 0 ||| qw: Do Orc after clearing Dungeon:15 true
     0 | D:1      | 0 ||| qw: Do second Lair branch before Depths: true
     0 | D:1      | 0 ||| qw: Lair rune preference: random
     0 | D:1      | 0 ||| qw: Goals: Normal
     0 | D:1      | 0 ||| PLANNING D:1-11
    52 | D:1      | Reached skill level 3 in Dodging
   120 | D:1      | Reached XP level 2. HP: 14/14 MP: 3/3
   645 | D:1      | 645 ||| READING scroll labelled YSTRYA QAMUGHE.
   645 | D:1      | 645 ||| IDENTIFYING fizzy white potion
   646 | D:1      | 646 ||| DRINKING 2 blue potions.
   647 | D:1      | 647 ||| DROPPING scroll of butterflies.
   703 | D:2      | Reached XP level 3. HP: 18/18 MP: 4/4
   784 | D:2      | HP: 3/18 [ribbon worm (7)]
   785 | D:2      | Slain by a hobgoblin

Levels and vault maps discovered:
D:1:      shiori_arrival_elements, layout_basic
D:2:      layout_rooms, grunt_decor_fettered, uniq_natasha, uniq_sigmund

Skill      XL: |  1  2 |
---------------+-------+-----
Dodging        | 3 4 |  4.0
Fighting       | |  1.5
Ranged Weapons | |  4.9
Stealth        | |  1.5

Action                     || total
---------------------------++-------
   Fire: Shortbow          ||    90
    Use: Scroll            ||     1
         Potion            ||     1
 Armour: Robe              ||     9
  Dodge: Dodged            ||    24

Table legend:
 A = Non-vault XP
 B = Vault XP
 C = Vault XP percentage of total XP
 D = Non-vault monster count
 E = Vault monster count
 F = Vault count percentage of total count
                 A         B        C        D         E       F
            +---------+---------+-------+---------+---------+-------
      Total |      80 |       0 |   0.0 |      33 |       0 |   0.0
            +---------+---------+-------+---------+---------+-------
        D:1 |      34 |       0 |   0.0 |      20 |       0 |   0.0
        D:2 |      46 |       0 |   0.0 |      13 |       0 |   0.0
            +---------+---------+-------+---------+---------+-------
